 Dungeon Crawl Stone Soup version 0.27-a0-765-ge4d627daa3 (webtiles) character file.

Game seed: 6829658238258536060

12 LuckyCharm the Conjurer (level 2, -1/15 HPs)
             Began as a Deep Elf Conjurer on Mar 24, 2021.
             Slain by a quokka (2 damage)
             ... on level 1 of the Dungeon.
             The game lasted 00:01:49 (548 turns).

LuckyCharm the Conjurer (Deep Elf Conjurer)          Turns: 548, Time: 00:01:50

Health: -1/15      AC:  2    Str:  4    XL:     2   Next: 20%
Magic:  7/8        EV: 12    Int: 22    God:
Gold:   42         SH:  0    Dex: 13    Spells: 4/7 levels left

rFire    . . .     SeeInvis .   (no weapon)
rCold    . . .     Faith    .   (no shield)
rNeg     . . .     Spirit   .   a - +0 robe
rPois    .         Reflect  .   (no helmet)
rElec    .         Harm     .   (no cloak)
rCorr    .         Rampage  .   (no gloves)
Will     +....                  (no boots)
Stlth    ++........             (no amulet)
HPRegen  0.05/turn              c - ring of willpower
MPRegen  0.11/turn              (no ring)

@: no status effects
A: no striking features
a: no special abilities


You were on level 1 of the Dungeon.
You visited 1 branch of the dungeon, and saw 2 of its levels.

You collected 42 gold pieces.

Inventory:

Armour
 a - a +0 robe (worn)
Jewellery
 c - a ring of willpower (right hand)
Potions
 b - a potion of ambrosia {unknown}


   Skills:
 + Level 2.5 Dodging
 + Level 2.4 Stealth
 + Level 3.1 Spellcasting
 + Level 4.9 Conjurations


You had 4 spell levels left.
You knew the following spells:

 Your Spells              Type           Power      Damage    Failure   Level
a - Magic Dart            Conj           100%       1d8       1%          1
b - Searing Ray           Conj           50%        3d5       2%          2

Your spell library contained the following spells:

 Spells                   Type           Power      Damage    Failure   Level
 Dazzling Flash           Conj/Hex       28%        N/A       14%         3
 Fulminant Prism          Conj/Hex       7%         3d7       41%         4
 Iskenderun's Mystic Bla  Conj/Tloc      14%        2d5       41%         4


Dungeon Overview and Level Annotations

Branches:
Dungeon (2/15)

Altars:


Message History

Unknown command.
Found 29 stones.
Found 12 gold pieces.
A frilled lizard comes into view.
The frilled lizard hisses angrily.
The goblin hits you with a +0 dagger. The goblin hits you but does no damage.
A quokka comes into view.
An endoplasm comes into view.
The goblin hits you with a +0 dagger.
A ball python comes into view.
The goblin hits you with a +0 dagger. The goblin closely misses you.
A frilled lizard comes into view.
The frilled lizard closely misses you. The frilled lizard closely misses you.
The goblin hits you but does no damage. The quokka closely misses you.
The frilled lizard closely misses you.
The quokka twitches its whiskers.
The quokka bites you but does no damage.
You barely miss the frilled lizard. The frilled lizard barely misses you.
The quokka misses you. The goblin barely misses you.
The frilled lizard bites you.
You hit the frilled lizard but do no damage.
The frilled lizard bites you but does no damage.
The quokka closely misses you. The goblin hits you with a +0 dagger.
* * * LOW HITPOINT WARNING * * *
The frilled lizard closely misses you. The quokka barely misses you.
The frilled lizard barely misses you.
The frilled lizard unfolds its giant frill.
The frilled lizard closely misses you. The frilled lizard bites you.
* * * LOW HITPOINT WARNING * * *
The goblin hits you but does no damage. The frilled lizard misses you.
The quokka closely misses you. The frilled lizard bites you.
* * * LOW HITPOINT WARNING * * *
The quokka bites you.
You die...

... .. ########## . .. .....
...# .## .# #..####.### ..##.
.######### #.........# #.)..
.##......###.........####...#
.##.#.....##...............#
.##.#.#..............รท...#.#
...............l@.......>..#
.##.#...#.....gr....#.##.###
...............#....#.##...
.###........#..l......#####.#
............#.....##### #
.#.#........#.....#
.#........#.........
.####...#.#..(..####
..........#.....#


You could see a quokka, a goblin and 2 frilled lizards.

Vanquished Creatures
  A dart slug (D:1)
  A bat (D:2)
  An endoplasm (D:1)
  A goblin (D:1)
  A hobgoblin (D:2)
  A jackal (D:1)
  A quokka (D:1)
  2 rats (D:1)
9 creatures vanquished.

Notes
Turn   | Place    | Note
-------+----------+-------------------------------------------
     0 | D:1      | LuckyCharm the Deep Elf Conjurer began the quest for the
                  | Orb.
     0 | D:1      | Reached XP level 1. HP: 10/10 MP: 6/6
   187 | D:1      | You fall into a shaft and drop 1 floor!
   473 | D:1      | Reached XP level 2. HP: 12/15 MP: 4/8
   477 | D:1      | Learned a level 2 spell: Searing Ray
   548 | D:1      | Slain by a quokka

Illustrated notes

Levels and vault maps discovered:
D:1:      dpeg_arrival_arbitrary_c, layout_basic, st_stairs_4
D:2:      layout_loops_ring, corexii_shack, yredelemnul_altar_generic

Action                   || total
-------------------------++-------
Melee: Unarmed           ||     2
 Cast: Magic Dart        ||    20
Armor: Robe              ||     5
Dodge: Dodged            ||    15

Table legend: (Time is in decaauts)
 A = Elapsed time spent in this place.
 B = Non-inter-level travel time spent in this place.
 C = Inter-level travel time spent in this place.
 D = Time resting spent in this place.
 E = Time spent auto-exploring this place.
 F = Levels seen in this place.
 G = Mean time per level.
                   A        B        C        D        E       F      G
               +--------+--------+--------+--------+--------+-----+--------+
         Total |    547 |    547 |      0 |    410 |      2 |   2 |  273.5 |
       Dungeon |    547 |    547 |      0 |    410 |      2 |   2 |  273.5 |
               +--------+--------+--------+--------+--------+-----+--------+

Top non-repeatable levels by time:
     D:1: 399 daAuts
     D:2: 148 daAuts
